 Dungeon Crawl Stone Soup version 0.28-a0-1190-g77e1c55843 (webtiles) character file.

Game seed: 15531872759702803037

2155 halfoni the Cleaver (level 9, -2/102 HPs)
             Began as a Human Berserker on Dec 19, 2021.
             Was a Follower of Trog.
             Killed from afar by a steam dragon (19 damage)
             ... with a ball of steam
             ... on level 6 of the Dungeon.
             The game lasted 00:10:14 (8288 turns).

halfoni the Cleaver (Human Berserker)               Turns: 8288, Time: 00:10:14

Health: -2/102     AC: 14    Str: 23    XL:     9   Next: 56%
Magic:  9/9        EV:  9    Int:  7    God:    Trog [*.....]
Gold:   326        SH:  0    Dex: 12    Spells: 8/8 levels left

rFire   . . .      SeeInvis .   m - +0 war axe
rCold   . . .      Faith    .   (no shield)
rNeg    . . .      Spirit   .   g - +0 chain mail
rPois   .          Reflect  .   d - +0 helmet
rElec   .          Harm     .   u - +0 cloak
rCorr   .          Rampage  .   b - +0 pair of gloves
Will    +....                   (no boots)
Stlth   ..........              (no amulet)
HPRegen 0.27/turn               o - ring of willpower
MPRegen 0.11/turn               (no ring)

@: berserking, very quick
A: no striking features
a: Renounce Religion, Berserk


You were on level 6 of the Dungeon.
You worshipped Trog.
Trog was aware of your devotion.
You visited 1 branch of the dungeon, and saw 6 of its levels.

You collected 326 gold pieces.

Inventory:

Hand Weapons
 m - a +0 war axe (weapon)
Armour
 b - a +0 pair of gloves (worn)
 d - a +0 helmet (worn)
 g - a +0 chain mail (worn)
 u - a +0 cloak (worn)
Jewellery
 o - a ring of willpower (left hand)
 r - a ring of fire
Wands
 n - a wand of iceblast (10)
 y - a wand of flame (29)
Scrolls
 j - a scroll of teleportation
 t - 2 scrolls of magic mapping
Potions
 a - a potion of lignification
 c - a potion of resistance
 e - a potion of might
 f - 2 potions of curing
 h - a potion of heal wounds
 l - a potion of invisibility
 q - a potion of attraction
 v - a potion of brilliance {unknown}


   Skills:
 + Level 5.6 Fighting
 + Level 8.9 Axes
 + Level 6.2 Armour
 + Level 3.9 Dodging
 - Level 1.8 Stealth


You had 8 spell levels left.
You didn't know any spells.
Your spell library was empty.

Dungeon Overview and Level Annotations

Branches:
Dungeon (6/15)
 Temple: D:4-7

Altars:
Makhleb


Message History

* * * LOW HITPOINT WARNING * * *
You hit the steam dragon.
The steam dragon is moderately wounded.
You are engulfed in a cloud of scalding steam.
The steam dragon bites you.
* * * LOW HITPOINT WARNING * * *
The steam dragon claws you but does no damage.
The steam dragon bites you but does no damage.
The steam dragon claws you but does no damage.
The steam dragon barely misses you.
The steam dragon claws you but does no damage.
There is a stone staircase leading up here.
You feel much better. The steam dragon bites you!
The steam dragon claws you but does no damage.
You hit the steam dragon but do no damage.
The steam dragon is moderately wounded.
The steam dragon breathes steam at you. The ball of steam misses you.
You slash the steam dragon!
The steam dragon is almost dead.
You are engulfed in a cloud of scalding steam.
The steam dragon bites you. The steam dragon barely misses you.
You closely miss the steam dragon.
The steam dragon is almost dead.
You are engulfed in a cloud of scalding steam.
* * * LOW HITPOINT WARNING * * *
The steam dragon bites you.
* * * LOW HITPOINT WARNING * * *
The steam dragon claws you.
* * * LOW HITPOINT WARNING * * *
A red film seems to cover your vision as you go berserk!
You feel yourself moving faster!
You feel mighty!
You are engulfed in a cloud of scalding steam.
The steam dragon barely misses you.
The steam dragon claws you but does no damage.
You barely miss the steam dragon.
The steam dragon is almost dead.
The steam dragon breathes steam at you. The ball of steam hits you!!
You die...

##########
#......@[####
#......D.#..
#........#.#
#..(.....#)###.##
..................
###############...


You could see a steam dragon (catching breath).

Vanquished Creatures
  Pikel (D:3)
  4 yaks (D:5)
  A steam dragon (D:5)
  A black bear (D:5)
  A necrophage (D:5)
  An ogre (D:6)
  A centaur (D:5)
  4 lemures (D:3)
  2 phantoms
  A bullfrog zombie (D:5)
  A hound (D:5)
  3 orc priests (D:5)
  A centaur skeleton (D:5)
  A gnoll shaman (D:4)
  Crazy Yiuf (D:4)
  2 iguanas (D:5)
  Natasha (thrice) (D:4)
  5 gnolls
  4 worms
  3 dart slugs
  7 orcs
  4 ball pythons
  10 endoplasms
  2 giant cockroaches
  6 goblins
  3 hobgoblins
  3 jackals (D:1)
  4 quokkas
  A bat (D:2)
  3 frilled lizards
  5 kobolds
  3 rats
92 creatures vanquished.

Vanquished Creatures (others)
  A fungus (D:1)
  16 plants
  5 toadstools (D:1)
22 creatures vanquished.

Grand Total: 114 creatures vanquished

Notes
Turn   | Place    | Note
-------+----------+-------------------------------------------
     0 | D:1      | halfoni the Human Berserker began the quest for the Orb.
     0 | D:1      | Reached XP level 1. HP: 18/18 MP: 1/1
    38 | D:1      | You fall into a shaft and drop 1 floor!
   421 | D:2      | Reached XP level 2. HP: 2/24 MP: 2/2
   807 | D:2      | Found a burning altar of Makhleb.
  1045 | D:2      | Reached XP level 3. HP: 29/29 MP: 3/3
  1891 | D:1      | Found a faded altar of an unknown god.
  2828 | D:3      | Reached XP level 4. HP: 33/35 MP: 4/4
  3731 | D:4      | Noticed Natasha
  3739 | D:4      | Killed Natasha
  3740 | D:4      | Reached skill level 4 in Axes
  3811 | D:4      | Noticed Natasha
  3829 | D:4      | Killed Natasha
  3830 | D:4      | Reached XP level 5. HP: 18/41 MP: 5/5
  3943 | D:4      | Reached skill level 1 in Stealth
  4250 | D:4      | Noticed a lemure
  4250 | D:4      | Noticed a lemure
  4250 | D:4      | Noticed a lemure
  4251 | D:4      | Noticed Pikel
  4253 | D:4      | Noticed a lemure
  4380 | D:3      | Killed a lemure
  4600 | D:3      | Killed a lemure
  4602 | D:3      | Killed a lemure
  4862 | D:3      | Killed a lemure
  5019 | D:3      | Killed Pikel
  5020 | D:3      | Reached skill level 5 in Axes
  5020 | D:3      | Reached XP level 6. HP: 49/49 MP: 6/6
  5020 | D:3      | Reached XP level 7. HP: 55/55 MP: 7/7
  5269 | D:4      | Noticed Natasha
  5275 | D:4      | Killed Natasha
  5472 | D:4      | Found a runed translucent door.
  5473 | D:4      | Noticed Crazy Yiuf
  5669 | D:4      | Killed Crazy Yiuf
  5670 | D:4      | Reached skill level 6 in Axes
  5724 | D:5      | Entered Level 5 of the Dungeon
  5746 | D:4      | Reached XP level 8. HP: 61/61 MP: 8/8
  6255 | D:5      | Reached skill level 5 in Armour
  6336 | D:5      | Reached skill level 7 in Axes
  6921 | D:5      | Reached skill level 5 in Fighting
  6976 | D:5      | Noticed a yak
  6976 | D:5      | Noticed a yak
  6995 | D:5      | Killed a yak
  6996 | D:5      | Reached XP level 9. HP: 68/68 MP: 9/9
  7066 | D:5      | Reached skill level 8 in Axes
  8288 | D:6      | Killed from afar by a steam dragon

Illustrated notes

Levels and vault maps discovered:
D:1:      noname_arrival_rooms_in_the_neighbourhood, layout_basic,
          chequers_ecumenical_altar_lobes, minmay_gold_behind_fungi
D:2:      layout_basic, serial_bayou, serial_bayou_pond_e, serial_bayou_ford_a,
          serial_bayou_lake_a, serial_bayou_pond_d, basic_altar
D:3:      layout_basic, serial_forest, infiniplex_forest_lined_ring,
          infiniplex_forest_clump_medium, infiniplex_forest_straight_2,
          infiniplex_forest_clump_large, infiniplex_forest_clump_small,
          infiniplex_forest_clump_medium
D:4:      layout_basic, corexii_shack, chequers_arboretum,
          minmay_misc_feat_more_columns, uniq_natasha, uniq_crazy_yiuf_cottage,
          uniq_pikel
D:5:      layout_layer_cave
D:6:      layout_basic, ebering_ghost_disaster_area

Skill      XL: |  1  2  3  4  5  6  7  8  9 |
---------------+----------------------------+-----
Axes           | 4 5 6 7 8 |  8.9
Stealth        | 1 |  1.8
Fighting       | 4 5 |  5.6
Armour         | 4 5 6 |  6.2
Dodging        | 3 |  3.9

Action                   |  1- 3 |  4- 6 |  7- 9 || total
-------------------------+-------+-------+-------++-------
Melee: Hand axe          |    58 |       |       ||    58
       War axe           |    16 |    91 |   136 ||   243
Invok: Berserk           |     2 |     5 |    11 ||    18
  Use: Scroll            |     9 |       |     8 ||    17
       Potion            |       |     1 |     1 ||     2
 Stab: Sleeping          |     1 |       |     1 ||     2
Armor: Ring mail         |     7 |    41 |    21 ||    69
       Animal skin       |     2 |       |       ||     2
       Scale mail        |       |       |    18 ||    18
       Chain mail        |       |       |    14 ||    14
       Steam dragon scal |       |       |     4 ||     4
Dodge: Dodged            |    39 |    59 |    90 ||   188

Table legend: (Time is in decaauts)
 A = Elapsed time spent in this place.
 B = Non-inter-level travel time spent in this place.
 C = Inter-level travel time spent in this place.
 D = Time resting spent in this place.
 E = Time spent auto-exploring this place.
 F = Levels seen in this place.
 G = Mean time per level.
                   A        B        C        D        E       F      G
               +--------+--------+--------+--------+--------+-----+--------+
         Total |   8567 |   8567 |      0 |   3426 |   3758 |   6 | 1427.8 |
       Dungeon |   8567 |   8567 |      0 |   3426 |   3758 |   6 | 1427.8 |
               +--------+--------+--------+--------+--------+-----+--------+

Top non-repeatable levels by time:
     D:5: 2335 daAuts
     D:3: 1769 daAuts
     D:2: 1711 daAuts
     D:4: 1622 daAuts
     D:1: 1076 daAuts
     D:6: 51 daAuts
